cohdb
Replays
Latest Replays
All Replays
Popular Replays
Top Player Replays
Match Explorer
How It Works
Community
CoH3 Stats
Reddit
Sign in to upload your games and track your stats! →
Sign in with Steam
Match 42422173
Unlisted
Match 42422173
Overview
Messages
Build Orders
End
Panzergrenadier Squad
Selects Italian Infantry
Panzergrenadier Squad
Panzergrenadier Squad
Construct Light Support Kompanie
2.5-tonne Medical Truck
Forward Retreat Point
Fire Support Elements
Panzerjäger Mechanized Group
Selects Guastatori Squad
Selects Defensive Operations
Guastatori Squad
Pak 38 Anti-tank Gun Team
Selects L6/40 Light Tank Combat Group
le.IG 18 Mechanized Group
Selects Towed Cannone da 105/28 Field Howitzer
Construct Panzerarmee Kommand
Armored Reserves
Panzer IV Assault Group
Denis
Mustache and Melons
Spychy
Dietr
0
0
Comments
sign in to comment!
No comments posted yet!